 Dungeon Crawl Stone Soup version 0.31-a0-968-g24f9ace8b5 (webtiles) character file.

Game seed: 6390505187548992166

389 Dirtsage the Insei (level 6, -1/61 HPs)
             Began as an Octopode Shapeshifter on Oct 27, 2023.
             Slain by an adder (3 damage)
             ... in a sewer.
             The game lasted 00:05:45 (2510 turns).

Dirtsage the Insei (Octopode Shapeshifter)          Turns: 2510, Time: 00:05:46

Health: -1/61      AC: 23    Str: 13    XL:     6   Next: 79%
Magic:  6/6        EV:  2    Int: 12    God:
Gold:   105        SH:  0    Dex: 14    Spells: 5/5 levels left

rFire   . .          .
                       - Unarmed
rCold   . . .        (no shield)
rNeg    . . .        (helmet currently unavailable)
rPois   +            (no amulet)
rElec   .            (no ring)
rCorr   .            (no ring)
SInv    .            (no ring)
Will    .....        (no ring)
Stlth   +            (no ring)
HPRegen 0.30/turn    (no ring)
MPRegen 0.10/turn    (no ring)
                     (no ring)

%: no passive effects
@: lethally poisoned (-1 -> -2), tree-form
A: stationary, stasis, torment immunity, boosted hp, almost no armour,
(amphibious), 8 rings, (camouflage 1), (gelatinous body 1), (nimble swimmer 1),
(tentacles)
a: no special abilities


You were in a sewer.
You were a tree.
You visited 1 branch of the dungeon, and saw 6 of its levels.
You also visited: Sewer.

You collected 105 gold pieces.

Inventory:

Armour
 f - a +0 buckler
Magical Staves
 i - a staff of cold
Talismans
 b - a beast talisman
 c - a flux talisman
Wands
 n - a wand of polymorph (13)
Scrolls
 d - 3 scrolls of identify {unknown}
 e - a scroll of vulnerability {unknown}
 h - a scroll of immolation {unknown}
 k - 2 scrolls of teleportation {unknown}
 l - a scroll of blinking {unknown}
 m - a scroll of poison {unknown}
 o - a scroll of enchant armour {unknown}
Potions
 a - a potion of resistance {unknown}
 g - a potion of attraction
 j - a potion of degeneration {unknown}
 p - a potion of mutation {unknown}
 q - a potion of curing


   Skills:
 + Level 2.9 Fighting
 - Level 2.0 Dodging
 * Level 5.2 Unarmed Combat
 * Level 4.9 Shapeshifting


You had 5 spell levels left.
You didn't know any spells.
Your spell library was empty.

Dungeon Overview and Level Annotations

Branches:
Dungeon (6/15)              Sewer (1/1)
 Temple: D:4-7

Altars:
Elyvilon


Innate Abilities, Weirdness & Mutations

You are a tree.
Your roots penetrate the ground, keeping you stationary.
You cannot be teleported.
You are immune to unholy pain and torment.
Your maximum health is greatly increased.
You cannot wear most types of armour.
((You are amphibious.))
You can wear up to eight rings at the same time.
((Your skin changes colour to match your surroundings (Stealth+).))
((Your rubbery body absorbs attacks. (AC +1, EV +1)))
((You are camouflaged when in or above water. (Stealth+)))
((You have tentacles for arms and can constrict up to eight enemies at once.))


Message History

You hit the adder.
The adder is almost dead.
The adder bites you but does no damage. x3
The bullfrog hits you but does no damage. x2
The adder bites you.
* * * LOW HITPOINT WARNING * * *
You are poisoned.
The adder poisons you!
You take 2 damage, and have 6/61 hp.
You closely miss the adder.
The adder is almost dead.
* * * LOW HITPOINT WARNING * * *
You feel sick.
The adder bites you but does no damage. x2
The bullfrog hits you but does no damage. x2
The frilled lizard unfolds its giant frill.
The frilled lizard bites you but does no damage.
The adder bites you but does no damage. The adder barely misses you.
The bullfrog hits you but does no damage.
The adder bites you but does no damage.
The bullfrog hits you but does no damage.
You take 2 damage, and have 4/61 hp.
You closely miss the adder.
You feel sick.
The frilled lizard bites you but does no damage.
The bullfrog hits you but does no damage.
The adder bites you but does no damage.
The bullfrog hits you but does no damage.
The adder bites you but does no damage. The adder barely misses you.
You hit the adder.
The adder is heavily wounded.
The bullfrog hits you but does no damage. x2
The frilled lizard bites you but does no damage.
The adder bites you but does no damage. x3
You smack the adder!
You kill the adder!
You feel sick.
The bullfrog hits you but does no damage.
The bullfrog hits you.
* * * LOW HITPOINT WARNING * * *
The frilled lizard barely misses you. The adder bites you.
You die...

.....#
#......#
~~...#
#...~..#
≈~≈~≈#
#≈~≈~~~#
≈≈~~~#
#≈~~≈≈≈#
≈~~~≈#
#≈≈~~~≈#
~~~≈≈#
#≈~~~~≈#
~~~~≈#
#≈≈~~S≈#
≈≈≈≈≈#
#≈≈SlFF#
~†≈≈≈#
#≈≈SS♣~#
~~..≈#
#≈≈≈~S≈#
~)†~≈#
#≈≈~≈~≈#
..~.≈#
#≈≈≈~#≈#
≈≈≈~~#
#≈~~~≈≈#
≈≈~≈~#
#≈≈~~≈≈#
≈~~~≈#
#≈≈~≈≈≈#
~~~≈†#
#≈~~~≈~#
~~≈~†#
#####~~~~≈~#


You could see 2 bullfrogs, 3 adders, 2 ball pythons and a frilled lizard.

Vanquished Creatures
  A water moccasin (D:5)
  A scorpion (D:5)
  Robin (D:2)
  2 gnolls
  5 river rats (Sewer)
  7 adders
  A dart slug (D:1)
  An orc (D:4)
  6 bats
  3 endoplasms
  5 giant cockroaches
  11 goblins
  11 hobgoblins
  5 quokkas
  15 ball pythons
  3 frilled lizards
  8 kobolds
  24 rats
110 creatures vanquished.

Notes
Turn   | Place    | Note
-------+----------+-------------------------------------------
     0 | D:1      | Dirtsage the Octopode Shapeshifter began the quest for the
                  | Orb.
     0 | D:1      | Reached XP level 1. HP: 13/13 MP: 1/1
   112 | D:1      | Reached XP level 2. HP: 13/18 MP: 2/2
   474 | D:1      | Reached XP level 3. HP: 23/23 MP: 3/3
   616 | D:2      | Noticed Robin
   706 | D:2      | Killed Robin
   788 | D:2      | Found a white marble altar of Elyvilon.
   818 | D:2      | Reached XP level 4. HP: 29/29 MP: 4/4
  1151 | D:2      | Found a faded altar of an unknown god.
  1598 | D:2      | Reached skill level 4 in Unarmed Combat
  1751 | D:3      | You fall into a shaft and drop 3 floors!
  1751 | D:5      | Identified the "Zetunla"
  1764 | D:5      | Entered Level 5 of the Dungeon
  1764 | D:5      | Noticed a scorpion
  1764 | D:5      | Noticed a water moccasin
  1767 | D:5      | Killed a scorpion
  1768 | D:5      | Reached XP level 5. HP: 14/34 MP: 5/5
  1775 | D:5      | Killed a water moccasin
  1776 | D:5      | Reached XP level 6. HP: 14/41 MP: 6/6
  1978 | D:3      | Found a glowing drain.
  1982 | Sewer    | Entered a sewer
  2097 | Sewer    | Reached skill level 5 in Unarmed Combat
  2510 | Sewer    | HP: 3/61 [poisoned by an adder]
  2510 | Sewer    | Slain by an adder

Illustrated notes

Levels and vault maps discovered:
D:1:      psy_arrival_dodecagon, layout_loops_cross
D:2:      minmay_door_path, layout_basic, nicolae_ecumenical_snake_handling,
          basic_altar, uniq_robin
D:3:      layout_basic, gup_sewer_entry_spiral, minmay_between
D:4:      layout_basic, serial_shops, shop, shop, nicolae_shop_behind_doors,
          shop, guppyfry_shop_venom
D:5:      layout_basic, pf_just_have_faith, minmay_temple_entry_purple_smoke,
          grunt_ministairs_10, corexii_corridor_pit, cheibrodos_gnoll_hut,
          uniq_menkaure
D:6:      layout_rooms
Sewer:    sewer_minmay_w

Skill      XL: |  1  2  3  4  5  6 |
---------------+-------------------+-----
Unarmed Combat | 4 5 |  5.2
Fighting       | 2 |  2.9
Shapeshifting  | 4 |  4.9
Dodging        | |  2.0

Action                     |  1- 3 |  4- 6 || total
---------------------------+-------+-------++-------
  Melee: Unarmed           |    61 |   144 ||   205
         Constrict         |    15 |    37 ||    52
         Tentacles         |    13 |    19 ||    32
         Punch             |       |     9 ||     9
    Use: Potion            |       |     5 ||     5
   Stab: Sleeping          |     2 |     9 ||    11
 Armour: Skin              |    23 |   166 ||   189
  Dodge: Dodged            |    27 |    89 ||   116

Table legend: (Time is in decaauts)
 A = Elapsed time spent in this place.
 B = Non-inter-level travel time spent in this place.
 C = Inter-level travel time spent in this place.
 D = Time resting spent in this place.
 E = Time spent auto-exploring this place.
 F = Levels seen in this place.
 G = Mean time per level.
                   A        B        C        D        E       F      G
               +--------+--------+--------+--------+--------+-----+--------+
         Total |   2493 |   2427 |     66 |    183 |   1578 |   7 |  356.1 |
       Dungeon |   1973 |   1907 |     66 |     89 |   1324 |   6 |  328.8 |
         Sewer |    520 |    520 |      0 |     94 |    254 |   1 |  520.0 |
               +--------+--------+--------+--------+--------+-----+--------+

Top non-repeatable levels by time:
     D:2: 942 daAuts
     D:1: 672 daAuts
   Sewer: 520 daAuts
     D:3: 216 daAuts
     D:4: 82 daAuts
     D:5: 46 daAuts
     D:6: 12 daAuts
